 Dungeon Crawl Stone Soup version 0.20.1-1-g8b1a95d (webtiles) character file.

110 Glorg the Shield-Bearer (level 4, 0/29 HPs)
             Began as a Gargoyle Fighter on Aug 30, 2017.
             Killed from afar by an orc wizard (11 damage)
             ... with a magic dart
             ... on level 3 of the Dungeon.
             The game lasted 00:05:30 (2024 turns).

Glorg the Shield-Bearer (Gargoyle Fighter)          Turns: 2024, Time: 00:05:31

Health: 0/29       AC: 13    Str: 21    XL:     4   Next: 91%
Magic:  4/4        EV:  7    Int:  8    God:
Gold:   69         SH:  9    Dex:  9    Spells: 3/3 levels left

rFire    . . .     SeeInvis .   t - -2 morningstar (curse)
rCold    . . .     Gourm    .   c - +0 shield
rNeg     + . .     Faith    .   b - +0 scale mail
rPois    ∞         Spirit   .   (no helmet)
rElec    +         Reflect  .   (no cloak)
rCorr    .         Harm     .   (no gloves)
MR       .....                  g - +2 pair of boots {run}
Stlth    ..........             (no amulet)
Regen    0.1/turn               (no ring)
MPRegen  0.1/turn               (no ring)

@: quick
A: negative energy resistance 1, electricity resistance, unbreathing,
petrification resistance, rot immunity, AC +3
a: no special abilities


You were on level 3 of the Dungeon.
You were hungry.

You visited 1 branch of the dungeon, and saw 3 of its levels.

You collected 69 gold pieces.

Inventory:

Hand Weapons
 a - a +1 flail
 t - a cursed -2 morningstar (weapon)
Armour
 b - a +0 scale mail (worn)
 c - a +0 shield (worn)
 g - a +2 pair of boots of running (worn)
Jewellery
 i - an uncursed amulet of regeneration {unknown}
Scrolls
 e - a scroll of identify
 k - a scroll of recharging
Potions
 d - a potion of might
 l - 2 potions of flight
 o - a potion of curing
 p - a potion of agility
Comestibles
 f - 2 bread rations
 h - a meat ration
 r - 3 fruits


   Skills:
 + Level 3.9 Fighting
 * Level 3.5 Maces & Flails
 + Level 3.8 Armour
 + Level 4.0 Shields


You had 3 spell levels left.
You didn't know any spells.

Dungeon Overview and Level Annotations

Branches:
Dungeon (3/15)

Altars:
Elyvilon


Innate Abilities, Weirdness & Mutations

You are resistant to torment.
Your stone body is resilient. (AC +3)
You are immune to poison.
You resist negative energy. (rN+)
You are resistant to electric shocks. (rElec)
You can survive without breathing.
You are immune to petrification.
You are immune to rotting.


Message History

The orc wizard hits you but does no damage.
You block something's attack.
You closely miss something. You block the orc's attack.
The orc wizard hits you but does no damage.
Something hits you but does no damage. The orc closely misses you.
The orc wizard hits you but does no damage.
You barely miss something.
You hear some strange, mumbled words.
A magic dart appears from out of thin air!
The magic dart hits you! The orc hits you but does no damage.
The orc wizard hits you but does no damage.
Something hits you but does no damage.
You miss something. You block the orc's attack.
You block the orc wizard's attack. Something hits you but does no damage.
You miss something. You block the orc's attack.
The orc wizard looks satisfied for a moment.
Something hits you but does no damage. The orc hits you but does no damage.
The orc wizard points at you and mumbles some strange words.
The magic dart hits you!
You die...

*,,,,,,,,,,,,,,* **,**
*,***,,,,,,,,,** *,,,* *,*
*,**,**,.#* *,,,* *,*
*,**,,,..# *,,,* *,*
*,*****#.# #,..* *,* *,*
##.##*####.#.# *,*
#.#####...##.#.#.#.#*
*,**#(>.o.{.[...........*
*,,****##@o....#.##'##.#*
**,,,***#.........#...#..##
*,,,,,,,+....)..#.'...'.#..
**,,,***#.........#,,,#..##
*,,** ##......#.##+##.###
********,**
##................
*,,,,,,*,****
##...##.#.#.#.###
*,*,*,,,,,,,*
##+######..#.# *
*,,,,,**,**,* *,* #.##.# *


You could see an orc wizard and an orc.

Vanquished Creatures
  3 gnolls (D:3)
  2 adders (D:3)
  A dart slug (D:1)
  10 orcs (D:3)
  5 giant cockroaches
  4 goblins
  4 hobgoblins
  2 jackals (D:1)
  A quokka (D:2)
  5 bats
  3 frilled lizards
  5 kobolds
  8 rats
53 creatures vanquished.

Notes
Turn   | Place    | Note
-------+----------+-------------------------------------------
     0 | D:1      | Glorg the Gargoyle Fighter began the quest for the Orb.
     0 | D:1      | Reached XP level 1. HP: 14/14 MP: 1/1
    75 | D:1      | Identified a +2 pair of boots of running (You found it on level 1 of the Dungeon)
   204 | D:1      | Reached XP level 2. HP: 8/19 MP: 2/2
   834 | D:1      | Reached XP level 3. HP: 23/23 MP: 3/3
  1357 | D:2      | Found a white marble altar of Elyvilon.
  1664 | D:3      | Reached XP level 4. HP: 29/29 MP: 4/4
  1826 | D:3      | Reached skill level 4 in Shields
  2024 | D:3      | Killed from afar by an orc wizard

Skill      XL: |  1  2  3  4 |
---------------+-------------+-----
Maces & Flails | 3 |  3.5
Shields        | 4 |  4.0
Fighting       | |  3.9
Armour         | |  3.8

Action                   |  1- 3 |  4- 6 || total
-------------------------+-------+-------++-------
Melee: Flail             |   167 |    35 ||   202
       Morningstar       |       |    18 ||    18
  Use: Scroll            |       |     8 ||     8
  Eat: Chunk             |     2 |     1 ||     3
Armor: Scale mail        |    89 |    38 ||   127
Dodge: Dodged            |    55 |    20 ||    75
Block: Shield            |    84 |    33 ||   117
